 Dungeon Crawl Stone Soup version 0.29-a0-314-gb00dd7cb4b (webtiles) character file.

Game seed: 12567828714363821174

15386 Ijustatesigmund the Basher (level 12, -2/79 HPs)
             Began as a Gargoyle Wanderer on Mar 29, 2022.
             Was an Elder of Cheibriados.
             Slain by a manticore (9 damage)
             ... on level 12 of the Dungeon.
             The game lasted 00:25:41 (16449 turns).

Ijustatesigmund the Basher (Gargoyle Wanderer)     Turns: 16449, Time: 00:25:42

Health: -2/79      AC: 28    Str: 26    XL:     12   Next: 26%
Magic:  9/12       EV:  8    Int: 23    God:    Cheibriados [****..]
Gold:   994        SH: 11    Dex: 21    Spells: 11/11 levels left

rFire   . . .      SeeInvis .   a - +2 morningstar (freeze)
rCold   + . .      Faith    .   s - +0 buckler
rNeg    + + .      Spirit   .   d - +0 chain mail
rPois   ∞          Reflect  +   x - +2 hat
rElec   +          Harm     .   i - +1 cloak
rCorr   .          Rampage  .   f - +2 pair of gloves
Will    .....                   (no boots)
Stlth   ..........              j - amulet of reflection
HPRegen 0.23/turn               g - ring of protection from cold
MPRegen 0.13/turn               w - ring of positive energy

@: about to teleport, very slow
A: sickness immunity, AC +8, negative energy resistance 1, electricity
resistance, torment resistance 1, petrification resistance
a: Renounce Religion, Bend Time, Temporal Distortion, Slouch


You were on level 12 of the Dungeon.
You worshipped Cheibriados.
Cheibriados was greatly pleased with you.
You visited 2 branches of the dungeon, and saw 13 of its levels.
You also visited: Ossuary.

You collected 1496 gold pieces.
You spent 502 gold pieces at shops.

Inventory:

Hand Weapons
 a - a +2 morningstar of freezing (weapon)
 e - a +3 hunting sling
Missiles
 u - 4 throwing nets (quivered)
Armour
 d - a +0 chain mail (worn)
 f - a +2 pair of gloves (worn)
 i - a +1 cloak (worn)
 s - a +0 buckler (worn)
 x - a +2 hat (worn)
Jewellery
 g - a ring of protection from cold (left hand)
 j - an amulet of reflection (around neck)
 w - a ring of positive energy (right hand)
 y - a ring of fire
Wands
 q - a wand of iceblast (7)
 A - a wand of polymorph (1)
 B - a wand of flame (14)
Scrolls
 b - a scroll of summoning
 c - a scroll of blinking
 k - a scroll of teleportation
 p - a scroll of enchant armour
 r - 5 scrolls of immolation
 t - 4 scrolls of identify
 v - 3 scrolls of fog
 z - a scroll of fear
Potions
 h - 2 potions of brilliance
 m - 3 potions of mutation
 n - 3 potions of resistance


   Skills:
 + Level 10.8 Fighting
 * Level 13.0 Maces & Flails
 - Level 1.7 Slings
 - Level 9.6 Armour
 - Level 4.3 Stealth
 + Level 3.9 Shields
 + Level 5.4 Evocations


You had 11 spell levels left.
You didn't know any spells.
Your spell library contained the following spells:

 Spells                   Type           Power      Damage    Failure   Level
 Corpse Rot               Necr/Air       0%         N/A       83%         2
 Poisonous Vapours        Pois/Air       0%         N/A       83%         2
 Call Canine Familiar     Summ           0%         N/A       96%         3
 Portal Projectile        Hex/Tloc       0%         N/A       96%         3
 Dispel Undead            Necr           0%         3d6       100%        4
 Leda's Liquefaction      Hex/Erth       0%         N/A       100%        4
 Passage of Golubria      Tloc           0%         N/A       100%        4
 Petrify                  Tmut/Erth      0%         N/A       100%        4
 Metabolic Englaciation   Hex/Ice        0%         N/A       100%        5
 Silence                  Hex/Air        0%         N/A       100%        5
 Death Channel            Necr           0%         N/A       100%        6
 Lehudib's Crystal Spear  Conj/Erth      0%         10d2      100%        8
 Statue Form              Tmut/Erth      Unusable   N/A       N/A         6

Dungeon Overview and Level Annotations

Branches:
Dungeon (12/15)            Temple (1/1) D:5            Lair (0/6) D:9
    Orc (0/2) D:12        Ossuary (visited)

Altars:
Ashenzari
Cheibriados
Dithmenos
Elyvilon
Fedhas
Gozag
Hepliaklqana
Kikubaaqudgha
Makhleb
Nemelex Xobeh
Okawaru
Qazlal
Ru
Sif Muna
Trog
Uskayaw
Vehumet
Wu Jian
Xom
Yredelemnul
Zin
The Shining One

Shops:
D:1 *   D:2 *=(*   D:4 [(


Innate Abilities, Weirdness & Mutations

You are immune to sickness and miasma.
Your stone body is resilient. (AC +8)
You are immune to poison.
You resist negative energy. (rN+)
You are resistant to electric shocks. (rElec)
You are resistant to unholy torment.
You are immune to petrification.


Message History

The yak gores you but does no damage.
You are too injured to fight recklessly!
The flow of time bends around you.
Cheibriados rebukes the yak.
The yak seems to slow down.
The manticore resists with some effort.
The orc warrior barely misses you. You block the manticore's attack.
The manticore claws you.
The manticore claws you but does no damage.
The yak gores you.
Okay, then.
You closely miss the yak.
The yak is lightly wounded.
The manticore bites you but does no damage.
The manticore claws you but does no damage.
You block the manticore's attack.
The orc warrior hits you but does no damage.
You barely miss the yak.
The yak is lightly wounded.
You carefully extract the barbed spikes from your body.
The yak gores you but does no damage. You block the manticore's attack.
The manticore claws you but does no damage.
The manticore completely misses you.
The orc warrior hits you from afar with a +0 trident!
* * * LOW HITPOINT WARNING * * *
As you read the scroll of teleportation, it crumbles to dust.
You feel strangely unstable. You block the orc warrior's attack.
The manticore bites you!
* * * LOW HITPOINT WARNING * * *
You block the manticore's attack. The manticore completely misses you.
The yak closely misses you.
You feel better.
The manticore bites you but does no damage.
The manticore claws you but does no damage.
You block the manticore's attack. The orc warrior closely misses you.
You hit the yak but do no damage.
The yak is lightly wounded.
The yak gores you!
* * * LOW HITPOINT WARNING * * *
The manticore bites you!
You die...

.# .# .H. .# #####
..# .#8...8# ## ..##
# )#oo...# #. ...#.#
)ggo>..#
#.#####.....
)#.o...#
#.#......####
.#8gO.8#
#.#H........# .#
##### #.@Yo....## .#
#####.....# ##
#.........# ###.
########.#.#.....#
'..>
....................
###
##.#####.#.#.....##.
####
#....##.....##### .
...# #....##### ...#
#...##


You could see a manticore, a yak (slow) and an orc warrior.

Vanquished Creatures
  Harold (D:9)
  2 boulder beetles (D:11)
  A two-headed ogre (D:11)
  Nergalle (D:12)
  A deep elf pyromancer (D:12)
  A cyclops (D:12)
  Maurice (D:10)
  2 gargoyles
  An efreet (D:8)
  2 komodo dragons (D:11)
  4 trolls
  Prince Ribbit (D:6)
  2 shadows
  12 yaks
  2 wyverns
  3 wraiths (D:9)
  A golden eye (shapeshifter) (D:10)
  A steam dragon (D:8)
  2 water moccasins
  11 orc warriors
  2 ice beasts
  2 black bears
  8 ogres
  3 centaurs
  2 phantoms
  2 kobold brigands
  4 gnoll sergeants
  2 necrophages
  3 bullfrogs
  3 scorpions
  15 wights
  10 killer bees
  3 howler monkeys
  2 centaur zombies (Ossuary)
  2 hounds (D:6)
  A jelly (D:8)
  2 gnoll shamans
  A human zombie (Ossuary)
  7 orc priests
  An iguana (D:6)
  5 orc wizards
  5 mummies
  18 gnolls
  7 adders
  A shadow imp (D:5)
  A white imp (D:5)
  A worm (D:5)
  3 dart slugs (D:2)
  52 orcs
  7 bats
  12 endoplasms
  3 giant cockroaches
  3 goblins
  4 hobgoblins
  7 quokkas
  3 ball pythons
  4 frilled lizards
  A goblin zombie (Ossuary)
  20 kobolds
  2 kobold zombies (Ossuary)
  2 orc zombies (Ossuary)
  A rat (D:4)
289 creatures vanquished.

Notes
Turn   | Place    | Note
-------+----------+-------------------------------------------
     0 | D:1      | Ijustatesigmund the Gargoyle Wanderer began the quest for
                  | the Orb.
     0 | D:1      | Ijustatesigmund set off with the following items: a +3
                  | hunting sling, a +0 helmet, a scroll of blinking, a +0
                  | leather armour
     0 | D:1      | Reached XP level 1. HP: 12/12 MP: 1/1
    31 | D:1      | Found Gieclor's General Store.
    96 | D:1      | Reached skill level 1 in Maces & Flails
    96 | D:1      | Reached XP level 2. HP: 18/18 MP: 2/2
   431 | D:1      | Reached XP level 3. HP: 23/23 MP: 3/3
   672 | D:2      | Reached skill level 2 in Maces & Flails
   686 | D:2      | Found Jath's Jewellery Boutique.
   716 | D:2      | Found Nonk's Assorted Antiques.
   719 | D:2      | Bought a scroll labelled MEYLUH YLLU for 23 gold pieces
   719 | D:2      | Bought a scroll labelled UGRUSU QINGI for 23 gold pieces
   737 | D:2      | Found a white marble altar of Elyvilon.
  1101 | D:2      | Reached XP level 4. HP: 28/28 MP: 4/4
  1105 | D:2      | Found Guzxepid's Weapon Boutique.
  1107 | D:2      | Found Okinivus's Assorted Antiques.
  1124 | D:2      | Bought a black potion for 23 gold pieces
  1510 | D:3      | Found a radiant altar of Vehumet.
  1560 | D:3      | Reached XP level 5. HP: 8/33 MP: 5/5
  1844 | D:3      | Found a faded altar of an unknown god.
  1867 | D:3      | Reached skill level 3 in Maces & Flails
  2371 | D:3      | Noticed a water moccasin
  2383 | D:3      | Killed a water moccasin
  2384 | D:3      | Reached XP level 6. HP: 27/39 MP: 6/6
  2720 | D:4      | Found a sand-covered staircase.
  2810 | Ossuary  | Entered an ossuary
  2996 | Ossuary  | Reached skill level 4 in Maces & Flails
  3062 | Ossuary  | Reached skill level 5 in Fighting
  3318 | Ossuary  | Reached XP level 7. HP: 42/44 MP: 7/7
  3666 | D:4      | Found Abue's Antique Armour Shop.
  3722 | D:4      | Paralysed by a hobgoblin for 2 turns
  3727 | D:4      | Paralysed by a hobgoblin for 7 turns
  3755 | D:4      | Found a sacrificial altar of Ru.
  3786 | D:4      | Found Litat's Firing Range.
  3835 | D:3      | Reached skill level 5 in Maces & Flails
  3989 | D:4      | Reached skill level 5 in Armour
  4048 | D:4      | Found a glowing golden altar of the Shining One.
  4257 | D:5      | Entered Level 5 of the Dungeon
  4278 | D:5      | Reached XP level 8. HP: 44/51 MP: 8/8
  4341 | D:5      | Reached skill level 6 in Maces & Flails
  4638 | D:5      | Found an iron altar of Okawaru.
  4805 | D:5      | Found a staircase to the Ecumenical Temple.
  4849 | D:5      | Found an ancient bone altar of Kikubaaqudgha.
  5427 | D:5      | Reached skill level 7 in Maces & Flails
  5903 | D:6      | Reached XP level 9. HP: 43/56 MP: 9/9
  6199 | D:6      | Noticed Prince Ribbit
  6221 | D:6      | Killed Prince Ribbit
  6222 | D:6      | Reached skill level 8 in Maces & Flails
  7481 | D:7      | Reached skill level 9 in Maces & Flails
  7930 | D:8      | Noticed an efreet
  7946 | D:8      | Killed an efreet
  7947 | D:8      | Reached XP level 10. HP: 15/64 MP: 10/10
  8285 | D:8      | Identified a scroll of acquirement
  8285 | D:8      | Acquired 724 gold pieces
  8530 | D:2      | Bought a steel ring for 115 gold pieces
  8530 | D:2      | Bought a glass wand for 92 gold pieces
  8530 | D:2      | Bought a copper wand for 92 gold pieces
  8571 | D:2      | Bought a scroll labelled UNEANG TAABB for 26 gold pieces
  8796 | Temple   | Entered the Ecumenical Temple
  9003 | Temple   | Became a worshipper of Cheibriados the Contemplative
  9217 | D:8      | Reached skill level 10 in Maces & Flails
  9220 | D:8      | Reached skill level 1 in Evocations
  9579 | D:8      | Found a shimmering altar of Xom.
  9814 | D:8      | Reached * piety under Cheibriados
 10406 | D:9      | Found a broken altar of Ashenzari.
 10488 | D:9      | Noticed Harold
 10511 | D:9      | Reached ** piety under Cheibriados
 10512 | D:9      | Killed Harold
 10513 | D:9      | Reached skill level 11 in Maces & Flails
 10513 | D:9      | Reached XP level 11. HP: 38/71 MP: 11/11
 11234 | D:9      | Found a staircase to the Lair.
 11979 | D:10     | Entered Level 10 of the Dungeon
 12192 | D:10     | Identified the +7 trident "Transmigrator" {flame, Will-
                  | Str+8}
 12433 | D:10     | Found a shadowy altar of Dithmenos.
 12483 | D:10     | Noticed Maurice
 12496 | D:10     | Killed Maurice
 12572 | D:10     | Reached *** piety under Cheibriados
 12926 | D:10     | Reached skill level 10 in Fighting
 13205 | D:4      | Bought a buckler for 108 gold pieces
 13391 | D:11     | Noticed a two-headed ogre
 13589 | D:11     | Reached skill level 12 in Maces & Flails
 13649 | D:11     | Noticed a boulder beetle
 13653 | D:11     | Reached skill level 1 in Shields
 13669 | D:11     | Killed a boulder beetle
 13898 | D:11     | Killed a two-headed ogre
 13898 | D:11     | Reached **** piety under Cheibriados
 14157 | D:11     | Found a stormy altar of Qazlal.
 14383 | D:11     | Noticed a boulder beetle
 14405 | D:11     | Killed a boulder beetle
 15320 | D:12     | Noticed a deep elf pyromancer
 15353 | D:12     | Killed a deep elf pyromancer
 15354 | D:12     | Reached skill level 5 in Evocations
 15354 | D:12     | Reached XP level 12. HP: 10/78 MP: 12/12
 15934 | D:12     | Found a staircase to the Orcish Mines.
 16360 | D:12     | Noticed Nergalle
 16371 | D:12     | Killed Nergalle
 16372 | D:12     | Reached skill level 13 in Maces & Flails
 16449 | D:12     | Slain by a manticore

Illustrated notes

Levels and vault maps discovered:
D:1:      dpeg_arrival_arbitrary_c, layout_basic, serial_shops, shop,
          solitary_fountain
D:2:      layout_basic, serial_shops, shop, nicolae_shop_behind_doors, shop,
          shop, basic_altar, amcnicky_mini_corridor_feature
D:3:      layout_loops_ring, mainiacjoe_overflow_chevrons,
          hellmonk_ecumenical_altar_crossroads, serial_rivers,
          chequers_serial_rivers_small_b, chequers_serial_rivers_micro_e,
          chequers_serial_rivers_micro_a, chequers_serial_rivers_micro_c,
          chequers_serial_rivers_small_b, chequers_serial_rivers_small_a
D:4:      layout_rooms, nicolae_tso_carved_into_rock,
          nicolae_ru_great_annihilating_truth, serial_shops, shop,
          gup_ossuary_entry_pyramid, nicolae_shop_firing_range
D:5:      layout_basic, lemuel_crystal_altar, okawaru_metal_pillars_1_2,
          minmay_temple_entry_large_hall
D:6:      layout_loops_ring, minmay_tree_intersection, uniq_prince_ribbit1
D:7:      layout_cave_pods, minmay_crystal_room
D:8:      layout_basic, mainiacjoe_overflow_24_doors, kennysheep_generic_room_4
D:9:      layout_basic, mainiacjoe_overflow_concentric_impassable,
          lair_entry_dummy, chequers_garden, uniq_harold
D:10:     layout_roguey [special_room_orc], grunt_dithmenos_smoke_and_mirrors,
          serial_curves, eino_curves_02, eino_curves_02, uniq_maurice
D:11:     layout_gridville, nicolae_qazlal_style_of_elements
D:12:     layout_basic, kennysheep_orc_monster_closet_entryway,
          serial_co_window_serial, co_window_of_opportunity_a,
          co_window_corner_a, co_window_paths_a, co_window_paths_a,
          co_window_corner_a, co_window_paths_b, co_window_of_opportunity_c,
          co_window_corner_b, co_window_corner_b, co_window_broadway_c,
          co_window_corner_ca, co_window_corner_b, co_window_sun,
          glass_columns_b, glass_columns_b, glass_columns_a, glass_columns_a,
          corexii_corridor_pit, minmay_sticks_and_stones, uniq_nergalle
Temple:   eino_temple_water

Skill      XL: |  1  2  3  4  5  6  7  8  9 10 11 12 |
---------------+-------------------------------------+-----
Maces & Flails | 1 2 3 4 5 7 9 11 12 13 | 13.0
Fighting       | 3 4 5 6 8 9 10 | 10.8
Armour         | 3 4 5 6 7 9 |  9.6
Evocations     | 3 5 |  5.4
Shields        | 3 |  3.9
Slings         | |  1.7
Stealth        | |  4.3

Action                   |  1- 3 |  4- 6 |  7- 9 | 10-12 || total
-------------------------+-------+-------+-------+-------++-------
Melee: Mace              |       |   124 |   161 |       ||   285
       Dire flail        |       |       |   164 |   316 ||   480
       Morningstar       |       |       |       |   109 ||   109
 Fire: Hunting sling     |    88 |    51 |       |       ||   139
Invok: Bend Time         |       |       |       |     1 ||     1
Evoke: Wand              |       |       |     3 |    12 ||    15
  Use: Scroll            |     4 |     1 |     5 |    10 ||    20
       Potion            |       |     3 |    10 |     3 ||    16
 Stab: Paralysed         |       |       |     6 |     2 ||     8
Armor: Leather armour    |    11 |       |       |       ||    11
       Chain mail        |    11 |    81 |   231 |   260 ||   583
       Skin              |       |     1 |       |       ||     1
Dodge: Dodged            |    29 |    28 |    84 |   150 ||   291
Block: Other             |     3 |    32 |    81 |    61 ||   177
       Reflection        |       |       |     5 |     2 ||     7
       Buckler           |       |       |       |    81 ||    81

Table legend: (Time is in decaauts)
 A = Elapsed time spent in this place.
 B = Non-inter-level travel time spent in this place.
 C = Inter-level travel time spent in this place.
 D = Time resting spent in this place.
 E = Time spent auto-exploring this place.
 F = Levels seen in this place.
 G = Mean time per level.
                   A        B        C        D        E       F      G
               +--------+--------+--------+--------+--------+-----+--------+
         Total |  18452 |  16808 |   1644 |   4452 |  10021 |  14 | 1318.0 |
       Dungeon |  17564 |  15939 |   1625 |   4118 |   9692 |  12 | 1463.7 |
        Temple |    225 |    207 |     18 |      0 |    193 |   1 |  225.0 |
       Ossuary |    663 |    663 |      0 |    334 |    136 |   1 |  663.0 |
               +--------+--------+--------+--------+--------+-----+--------+

Top non-repeatable levels by time:
     D:9: 2256 daAuts
    D:11: 1959 daAuts
    D:10: 1943 daAuts
     D:5: 1934 daAuts
     D:8: 1894 daAuts
     D:3: 1432 daAuts
    D:12: 1427 daAuts
     D:6: 1109 daAuts
     D:2: 1062 daAuts
     D:4: 989 daAuts
     D:7: 952 daAuts
 Ossuary: 663 daAuts
     D:1: 602 daAuts
  Temple: 225 daAuts
